Map: Dasan Station LE

Players

KINGDazz

  • Race: Terran Terran
  • League: Gold

Nickos - Winner!

  • Race: Terran Terran
  • League: Gold

VOD

Have the link to the VOD?

Description

Time

  • Played on: Sept. 26, 2016, 11:56 p.m.
  • Length: 11:06
Show
View Real Time Build Order
Export as new Build Order

KINGDazz Terran 

Build Orders:  

Get SALT Encoding   

  12  0:01  SCV  
  13  0:14  SCV  
  14  0:18  Supply Depot  
  14  0:26  SCV  
  15  0:40  SCV  
  16  0:43  Barracks  
  16  0:49  Refinery  
  16  0:52  SCV  
  18  1:04  SCV  
  18  1:06  Barracks  
  18  1:10  Refinery  
  18  1:16  SCV  
  19  1:28  SCV  
  20  1:38  Reaper  
  21  1:41  Orbital Command  
  21  1:53  Marine  
  22  2:10  Command Center  
  22  2:19  Supply Depot  
  22  2:24  Barracks Reactor  
  22  2:32  Factory  
  22  2:35  SCV  
  23  2:47  SCV  
  23  2:49  Marine  
  25  2:59  SCV  
  25  3:04  Supply Depot  
  25  3:05  Marine x2  
  27  3:11  SCV  
  29  3:13  Barracks Tech Lab  
  29  3:20  Starport  
  29  3:23  SCV  
  30  3:32  Orbital Command  
  30  3:35  SCV  
  30  3:37  Barracks Reactor  
  31  3:44  Refinery, Marine  
  31  3:47  SCV  
  33  3:49  Hellion  
  33  3:54  Widow Mine  
  37  3:59  SCV  
  38  4:05  SCV  
  38  4:08  Marine  
  40  4:13  Marine x2  
  41  4:22  Widow Mine  
  43  4:26  Marine  
  43  4:27  Stimpack  
  43  4:31  Liberator x2  
  44  4:32  Refinery  
  44  4:42  Widow Mine  
  46  4:49  Barracks Reactor, SCV  
  46  4:50  SCV  
  54  5:09  SCV x2, Marine  
  54  5:12  Supply Depot  
  54  5:14  Supply Depot  
  57  5:16  Engineering Bay  
  57  5:17  Engineering Bay  
  57  5:25  Factory  
  57  5:26  Marine  
  57  5:27  SCV x2  
  60  5:31  Medivac  
  60  5:33  Factory Tech Lab  
  60  5:34  Medivac  
  64  5:44  Marine  
  64  5:46  SCV x2  
  67  5:58  SCV x2  
  69  6:17  Siege Tank  
  69  6:18  Marine x3  
  75  6:28  SCV x2  
  77  6:35  Marine  
  77  6:36  Marine x2  
  78  6:41  Liberator  
  78  6:52  Siege Tank  
  78  6:53  Marine  
  73  7:05  Marine x2  
  75  7:11  Marine  
  75  7:18  Terran Infantry Weapons Level 1, Terran Infantry Armor Level 1  
  75  7:20  Widow Mine  
  75  7:22  Marine  
  78  7:33  Command Center  
  78  7:34  Command Center, Marine x2  
  78  8:19  Marine x2  
  78  8:20  Widow Mine, Marine  
  78  8:22  Siege Tank  
  72  8:30  Orbital Command  
  64  8:37  Marine x3  
  67  8:54  Siege Tank  
  67  8:55  Marine x3  
  57  9:07  Medivac x2  
  57  9:09  Orbital Command  
  61  9:12  Marine  
  61  9:13  Marine x2  
  61  9:15  SCV  
  65  9:24  Orbital Command  
  65  9:26  Siege Tank  
  65  9:27  SCV  
  65  9:30  Marine  
  65  9:31  Marine  
  71  9:37  Medivac  
  73  9:38  Marine  
  73  9:39  SCV  
  75  9:48  Marine x2  
  75  9:50  Orbital Command  
  75  9:51  SCV  
  78  9:56  Marine  
  79  10:03  SCV  
  79  10:06  Marine x2  
  79  10:14  Marine  
  80  10:24  Marine x2  
  72  10:32  Orbital Command, Marine  
  55  10:41  Marine  
  55  10:42  Marine  
Show
View Real Time Build Order
Export as new Build Order

Nickos Terran - Winner!

Build Orders: MMM Bio 

Get SALT Encoding   

  12  0:01  SCV  
  13  0:13  SCV  
  14  0:17  Supply Depot  
  14  0:25  SCV  
  15  0:38  SCV  
  15  0:40  Barracks  
  16  0:50  SCV  
  17  1:03  SCV  
  18  1:15  SCV  
  19  1:20  Command Center  
  20  1:34  Orbital Command  
  20  1:39  Marine  
  20  1:44  Barracks  
  20  1:51  Supply Depot  
  20  1:57  Marine  
  20  2:00  SCV  
  22  2:12  SCV  
  22  2:15  Marine  
  23  2:19  Barracks  
  23  2:22  Refinery  
  23  2:24  SCV  
  23  2:26  Refinery  
  24  2:33  Marine  
  24  2:34  Marine  
  27  2:44  SCV  
  27  2:45  Orbital Command  
  27  2:51  Marine  
  28  2:52  Marine  
  29  3:06  Marine  
  29  3:09  Marine  
  29  3:10  Marine  
  29  3:12  Bunker  
  32  3:18  SCV x2  
  34  3:24  Marine  
  34  3:26  Marine  
  36  3:30  Marine, SCV x2  
  39  3:35  Factory  
  39  3:37  Supply Depot x2  
  39  3:42  SCV x2  
  41  3:49  Barracks Tech Lab  
  41  3:50  Barracks Reactor  
  41  3:51  Barracks Reactor  
  41  3:57  SCV x2  
  41  4:01  Supply Depot  
  43  4:09  SCV  
  44  4:24  SCV x2  
  44  4:28  Stimpack  
  44  4:29  Factory Reactor  
  44  4:31  Starport  
  45  4:35  Marine x2  
  45  4:36  SCV x2, Marine x2  
  51  4:43  Marauder  
  53  4:46  Supply Depot  
  53  4:48  SCV  
  53  4:49  SCV  
  55  4:55  Marine x2  
  55  4:56  Marine  
  58  5:00  SCV  
  58  5:01  SCV  
  58  5:02  Marine  
  58  5:04  Marine  
  62  5:13  SCV x2  
  64  5:22  Medivac x2  
  64  5:23  Marine x2  
  64  5:24  Marine  
  64  5:26  Marine  
  64  5:27  Marine  
  73  5:30  Command Center, SCV  
  73  5:34  SCV  
  75  5:37  Supply Depot  
  75  5:41  Marine  
  76  5:46  Marine x2  
  78  5:56  SCV  
  78  5:59  SCV, Marauder, Marine  
  82  6:05  Supply Depot  
  82  6:08  SCV  
  82  6:10  Engineering Bay, Supply Depot  
  84  6:11  SCV  
  84  6:12  Engineering Bay  
  84  6:14  Marine x2  
  86  6:26  Widow Mine, Marine  
  86  6:27  Medivac x2, SCV  
  86  6:29  SCV  
  94  6:44  Marauder  
  84  7:05  Marauder  
  86  7:15  Starport Reactor  
  86  7:21  Orbital Command  
  86  7:24  SCV x2  
  86  7:25  Combat Shields  
  86  7:27  Marauder  
  90  7:36  SCV  
  90  7:38  SCV  
  90  7:39  Marine x4  
  95  7:47  Marine  
  95  7:48  SCV  
  95  7:50  SCV  
  98  7:58  Marine x4  
  99  8:00  Medivac x2  
  106  8:05  Marine  
  107  8:16  Marine  
  108  8:30  Medivac x2  
  112  8:41  Marine x2  
  112  8:42  Marine x3  
  96  8:59  Marine x3  
  96  9:00  Marine x2  
  90  9:07  Liberator  
  83  9:17  Marine x4  
  83  9:18  Marine  
  83  9:22  Command Center  
  91  9:35  Marine x4  
  95  9:39  Marine  
  96  9:52  Marine  
  96  9:53  Marine  
  97  10:07  Marauder  
  97  10:15  SCV x2  
  99  10:27  SCV  
  102  10:28  Marauder  
Tags
 
Composition
MMM Bio
League
GoldGold
Matchup
TvT
Race
Terran
Replay Pack
Nickos replay
Add a new tag
Caveats
  • Supply blocks, unpowered buildings, or Contaminate may cause inaccurate times.
  • Supply counts are checked every 10 seconds.